 Dungeon Crawl Stone Soup version 0.32-a0-607-g64ea0e4219 (webtiles) character file.

Game seed: 7172668539968970420

1442 dolemite99 the Cleaver (level 8, -2/58 HPs)
             Began as a Coglin Chaos Knight on Mar 4, 2024.
             Was a Plaything of Xom.
             Slain by Pikel
             ... wielding a +1 whip of electrocution
              (19 damage)
             ... on level 5 of the Dungeon.
             The game lasted 00:08:40 (7148 turns).

dolemite99 the Cleaver (Coglin Chaos Knight)        Turns: 7148, Time: 00:08:41

Health: -2/58      AC: 10    Str: 13    XL:     8   Next: 74%
Magic:  8/8        EV:  6    Int: 17    God:    Xom [.....*]
Gold:   251        SH:  0    Dex: 12    Spells: 3/7 levels left

rFire   + . .        a - +1 hand axe (flame) {Ashmeen}
rCold   + . .        l - +0 hand axe {Malena}
rNeg    . . .        i - +0 chain mail
rPois   .            h - +0 helmet
rElec   .            (no cloak)
rCorr   .            (no gloves)
SInv    .            (no boots)
Will    .....        (amulet unavailable) Stlth
                     (ring unavailable)
HPRegen 0.29/turn    (ring unavailable)
MPRegen 0.11/turn    (no gizmo)

%: no passive effects
@: revved
A: off-hand wielding, slow wielding, warmup strikes, no jewellery, clever 1,
cold resistance 1, fire resistance 1, sense surroundings 1, shaggy fur 1, wild
magic 1, inability to drink after injury 1, MP-powered wands
a: Invent Gizmo, Renounce Religion


You were on level 5 of the Dungeon.
You worshipped Xom.
You were Xom's teddy bear.
You visited 1 branch of the dungeon, and saw 5 of its levels.

You collected 251 gold pieces.

Inventory:

Hand Weapons
 a - a +1 hand axe of flaming (weapon) {Ashmeen}
 d - a +0 dagger {Enheduana}
 l - a +0 hand axe (offhand) {Malena}
 n - a +0 club
Missiles
 j - 5 poisoned darts
Armour
 b - a +2 leather armour
 h - a +0 helmet (worn)
 i - a +0 chain mail (worn)
 s - a +0 ring mail
Magical Staves
 k - a staff of air
Wands
 m - a wand of paralysis (14) (quivered)
Scrolls
 c - a scroll of butterflies
 e - 6 scrolls of teleportation
 o - a scroll of amnesia
 p - 2 scrolls of vulnerability
 r - a scroll of identify {@r1}
Potions
 f - a potion of might {unknown}
 g - 2 potions of curing
 q - a potion of magic {unknown}
 t - a potion of enlightenment
 u - a potion of attraction


   Skills:
 - Level 3.0 Fighting
 + Level 11.0 Axes
 - Level 1.7 Armour
 - Level 0.8 Dodging


You had 3 spell levels left.
You knew the following spells:

 Your Spells              Type           Power      Damage    Failure   Level
a - Animate Dead          Necr           0%         N/A       100%        4

Your spell library contained the following spells:

 Spells                   Type           Power      Damage    Failure   Level
 Freeze                   Ice            0%         1d3       99%         1
 Sandblast                Erth           0%         2d4       99%         1
 Lesser Beckoning         Tloc           0%         N/A       100%        2
 Frozen Ramparts          Ice            0%         1d1       100%        3
 Gell's Gravitas          Tloc           0%         N/A       100%        3
 Hailstorm                Conj/Ice       0%         3d5       100%        3
 Passwall                 Erth           0%         N/A       100%        3
 Stone Arrow              Conj/Erth      0%         3d7       100%        3
 Teleport Other           Tloc           0%         N/A       100%        3
 Tukima's Dance           Hex            0%         N/A       100%        3
 Brom's Barrelling Bould  Conj/Erth      0%         2d3       100%        4
 Dimensional Bullseye     Hex/Tloc       0%         N/A       100%        4
 Flame Wave               Conj/Fire      0%         2d4       100%        4
 Iskenderun's Mystic Bla  Conj/Tloc      0%         2d3       100%        4
 Passage of Golubria      Tloc           0%         N/A       100%        4
 Borgnjor's Vile Clutch   Necr/Erth      0%         N/A       100%        5
 Yara's Violent Unravell  Hex/Alch       0%         3d3       100%        5
 Death Channel            Necr           0%         N/A       100%        6
 Ignition                 Fire           0%         3d3       100%        8
 Death's Door             Necr           0%         N/A       100%        9


Dungeon Overview and Level Annotations

Branches:
Dungeon (5/15)
 Temple: D:4-7

Altars:
Cheibriados
Hepliaklqana
Vehumet
Xom
Zin
The Shining One

Shops:
D:3 (

Annotations:
D:5 Pikel


Innate Abilities, Weirdness & Mutations

You can wield a second weapon in your off-hand.
It takes a long time for you to wield or remove held weapons.
Your first few attacks do less damage.
You cannot equip rings or amulets.
Your mind is acute. (Int +4, Str/Dex -1)
Your flesh is cold resistant. (rC+)
Your flesh is heat resistant. (rF+)
You passively map a small area around you.
You are covered in fur. (AC +1)
Your spells are a little harder to cast, but a little more powerful.
You occasionally lose the ability to drink potions when taking damage.
You expend magic power (3 MP) to strengthen your wands.


Message History

The lemure barely misses you. Pikel hits you but does no damage.
You hit Pikel but do no damage.
Pikel is severely wounded.
You hit the lemure but do no damage.
You miss the lemure with your +1 hand axe of flaming.
You hit Pikel but do no damage. You hit the lemure but do no damage.
You barely miss the lemure with your +0 hand axe.
Your iron imp hits Pikel.
The lemure hits you but does no damage. The lemure closely misses you.
You barely miss Pikel with your +1 hand axe of flaming.
Pikel is almost dead.
You hit the lemure with your +1 hand axe of flaming.
You burn the lemure. You hit the lemure but do no damage.
You hit Pikel but do no damage.
You hit the lemure with your +0 hand axe.
You hit the lemure but do no damage.
Pikel hits you with a +1 whip of electrocution.
You hit Pikel but do no damage.
Pikel is almost dead.
You barely miss the lemure with your +0 hand axe. x2
You closely miss Pikel with your +1 hand axe of flaming.
You hit the lemure with your +1 hand axe of flaming.
You burn the lemure.
You closely miss the lemure with your +1 hand axe of flaming.
Your iron imp misses Pikel.
The lemure hits you. x2; Pikel barely misses you.
You closely miss Pikel with your +0 hand axe.
Pikel is almost dead.
You hit the lemure but do no damage.
You closely miss the lemure with your +0 hand axe.
You barely miss Pikel with your +1 hand axe of flaming.
You hit the lemure but do no damage.
You barely miss the lemure with your +1 hand axe of flaming.
The lemure hits you but does no damage. The lemure hits you.
Your iron imp barely misses Pikel.
Pikel hits you with a +1 whip of electrocution.
* * * LOW HITPOINT WARNING * * *
You are electrocuted!!
You die...
Pikel says, "See you in Hell!"
Xom chortles!

.....####.........##.....*
.#.######...............#
...##..###....##........#
)...#..# ###.............
* .......####...........#
,
...##[................##*
...###....#.......#....#
.....#....##..#.5K....##
#.........##..#5@5....##
#.............#........#
###............(.......#
#..........#...........#
...........#..........##
.....##....###.......##
#...###....##....#..###
#.....(...##.....#.)..##
#..........#.....#.....#


You could see Pikel (ally target), 2 lemures and a friendly iron imp (summoned).

Vanquished Creatures
  Sigmund (D:4)
  2 steam dragons
  Eustachio (D:4)
  Edmund (D:4)
  An ice beast (D:5)
  A black bear (D:5)
  2 lemures (D:4)
  A bullfrog (D:5)
  2 bombardier beetles
  2 hounds
  An orc wizard (D:3)
  Robin (D:4)
  4 gnolls (D:4)
  5 adders
  2 dart slugs
  3 ribbon worms
  17 orcs
  7 endoplasms
  3 giant cockroaches
  18 goblins
  7 hobgoblins
  10 jackals
  6 ball pythons
  6 bats
  2 frilled lizards (D:1)
  2 kobolds (D:1)
  6 rats
114 creatures vanquished.

Vanquished Creatures (others)
  Prince Ribbit (D:5)
  An iguana (D:5)
  An orc (D:5)
3 creatures vanquished.

Grand Total: 117 creatures vanquished

Notes
Turn   | Place    | Note
-------+----------+-------------------------------------------
     0 | D:1      | dolemite99 the Coglin Chaos Knight began the quest for the
                  | Orb.
     0 | D:1      | Reached XP level 1. HP: 18/18 MP: 1/1
   116 | D:1      | XOM: potion effect (invisibility)
   118 | D:1      | Reached XP level 2. HP: 24/24 MP: 2/2
   212 | D:1      | XOM: silly message
   347 | D:1      | Reached skill level 4 in Axes
   551 | D:1      | Reached XP level 3. HP: 28/29 MP: 3/3
   640 | D:1      | Found a faded altar of an unknown god.
   643 | D:1      | XOM: chaos upgrade
   772 | D:1      | XOM: cloud trail
   847 | D:1      | XOM: divination: detect items
   960 | D:2      | XOM: smoke on damage
  1106 | D:2      | XOM: 1-stop teleportation journey
  1188 | D:2      | Reached XP level 4. HP: 35/35 MP: 4/4
  1271 | D:2      | XOM: stat loss: -1 Str (13/14)
  1371 | D:2      | Reached skill level 5 in Axes
  1379 | D:2      | XOM: blink monster(s)
  1639 | D:2      | XOM: summons 3 hostile demons
  1645 | D:2      | XOM: summons 3 hostile shadow creatures
  1912 | D:3      | XOM: 1-stop teleportation journey
  2027 | D:3      | a kobold changed into a steam dragon
  2027 | D:3      | Noticed a steam dragon
  2027 | D:3      | XOM: polymorph kobold -> steam dragon
  2032 | D:3      | Killed a steam dragon
  2033 | D:3      | Reached skill level 6 in Axes
  2033 | D:3      | Reached XP level 5. HP: 4/41 MP: 5/5
  2033 | D:3      | Reached XP level 6. HP: 4/47 MP: 6/6
  2161 | D:3      | XOM: 7-stop teleportation journey
  2200 | D:3      | XOM: god gift: Fufaschitt's Opusculum on Exothermic
                  | Necromancy {god gift}
  2203 | D:3      | Got Fufaschitt's Opusculum on Exothermic Necromancy {god
                  | gift}
  2211 | D:3      | Learned a level 4 spell: Animate Dead
  2603 | D:3      | XOM: give mutations
  2603 | D:3      | Gained mutation: You are covered in fur. (AC +1) [Xom's
                  | grace]
  2603 | D:3      | Gained mutation: Your mind is acute. (Int +4, Str/Dex -1)
                  | [Xom's grace]
  2603 | D:3      | Gained mutation: Your spells are a little harder to cast,
                  | but a little more powerful. [Xom's grace]
  2628 | D:3      | Found Geonuc's Weapon Emporium.
  2967 | D:3      | XOM: god gift: glowing long sword {god gift}
  3009 | D:3      | XOM: silly message
  3104 | D:4      | Noticed Robin
  3128 | D:4      | Killed Robin
  3377 | D:4      | XOM: give mutations
  3377 | D:4      | Gained mutation: You occasionally lose the ability to drink
                  | potions when taking damage. [Xom's mischief]
  3377 | D:4      | Gained mutation: You passively map a small area around you.
                  | [Xom's mischief]
  3377 | D:4      | Gained mutation: Your flesh is heat resistant. (rF+) [Xom's
                  | mischief]
  3377 | D:4      | Gained mutation: Your flesh is cold resistant. (rC+) [Xom's
                  | mischief]
  3459 | D:4      | XOM: summons 4 hostile demons
  3581 | D:4      | XOM: cloud trail
  3614 | D:4      | Noticed Eustachio
  3639 | D:4      | Killed Eustachio
  3640 | D:4      | Reached skill level 7 in Axes
  3793 | D:4      | Found a snail-covered altar of Cheibriados.
  3803 | D:4      | XOM: cast spell 'Iskenderun's Battlesphere'
  3807 | D:4      | XOM: blink monster(s)
  3811 | D:4      | Reached XP level 7. HP: 49/52 MP: 7/7
  4133 | D:4      | Noticed Sigmund
  4152 | D:4      | Killed Sigmund
  4153 | D:4      | Reached skill level 8 in Axes
  4378 | D:4      | Noticed Edmund
  4385 | D:4      | XOM: chaos upgrade
  4388 | D:4      | XOM: 1-stop teleportation journey
  4436 | D:4      | XOM: draining
  4487 | D:4      | Killed Edmund
  4488 | D:4      | Reached skill level 9 in Axes
  4679 | D:4      | XOM: summons 4 hostile shadow creatures
  5204 | D:4      | XOM: torment (27/51 hp)
  5446 | D:4      | Found a hazy altar of Hepliaklqana.
  5446 | D:4      | Found a glowing silver altar of Zin.
  5470 | D:4      | Found a radiant altar of Vehumet.
  5473 | D:4      | Found a faded altar of an unknown god.
  5476 | D:4      | Found a glowing golden altar of the Shining One.
  5586 | D:5      | Entered Level 5 of the Dungeon
  5665 | D:5      | XOM is BORED!
  5718 | D:5      | Noticed a steam dragon
  5730 | D:5      | Killed a steam dragon
  5731 | D:5      | Reached XP level 8. HP: 7/58 MP: 8/8
  5905 | D:5      | XOM: 3-stop teleportation journey
  6175 | D:5      | XOM: scenery: create altars
  6291 | D:5      | Noticed Prince Ribbit
  6307 | D:5      | XOM: divination: detect items
  6314 | D:5      | Killed Prince Ribbit
  6314 | D:5      | XOM: divine lightning
  6315 | D:5      | Reached skill level 10 in Axes
  6334 | D:5      | XOM: confuse monster(s)
  6384 | D:5      | XOM: god gift: 24 gold pieces
  6436 | D:5      | XOM: give mutation
  6436 | D:5      | Gained mutation: You expend magic power (3 MP) to
                  | strengthen your wands. [Xom's grace]
  6576 | D:5      | Found a shimmering altar of Xom.
  6579 | D:5      | Found a shimmering altar of Xom.
  6754 | D:5      | Noticed Pikel
  6858 | D:5      | Reached skill level 11 in Axes
  7133 | D:5      | XOM: summons 2 friendly demons
  7148 | D:5      | Slain by Pikel

Illustrated notes

Levels and vault maps discovered:
D:1:      dpeg_arrival_rooms_b, layout_loops_ring,
          hellmonk_ecumenical_altar_pennies_from_heaven, nrook_uturn,
          minmay_pentomino_z4
D:2:      layout_basic, hangedman_decor_slide_cut
D:3:      layout_loops_ring, serial_shops, nicolae_shop_bloodbath_and_beyond
D:4:      layout_basic, chequers_temple_overflow_minitemple,
          mainiacjoe_overflow_alcove_1, serial_corexii_hall,
          chequers_hall_statues_wall_a, corexii_hall_statues_l,
          chequers_hall_statues_corner_a, corexii_hall_statues_s, moated_statue,
          uniq_sigmund, uniq_robin, uniq_edmund, uniq_eustachio
D:5:      layout_cave_pools, xom_redecorated, minmay_increasing_density,
          uniq_blork_the_orc, uniq_pikel, uniq_prince_ribbit1

Skill      XL: |  1  2  3  4  5  6  7  8 |
---------------+-------------------------+-----
Axes           | 4 6 7 9 11 | 11.0
Fighting       | |  3.0
Armour         | |  1.7
Dodging        | |  0.8

Action                     |  1- 3 |  4- 6 |  7- 9 || total
---------------------------+-------+-------+-------++-------
  Melee: Hand axe          |    62 |   178 |   262 ||   502
         Dagger            |    53 |   143 |       ||   196
  Throw: Dart              |       |       |     5 ||     5
  Evoke: Wand              |       |       |     5 ||     5
    Use: Potion            |       |     2 |     1 ||     3
         Scroll            |       |     8 |     3 ||    11
   Stab: Invisible         |     1 |       |       ||     1
         Sleeping          |     1 |       |       ||     1
         Confused          |     1 |       |     6 ||     7
         Petrifying        |       |     3 |       ||     3
         Paralysed         |       |     2 |    14 ||    16
 Armour: Leather armour    |    37 |   145 |    13 ||   195
         Chain mail        |       |       |   113 ||   113
  Dodge: Dodged            |    32 |   121 |    50 ||   203

Table legend: (Time is in decaauts)
 A = Elapsed time spent in this place.
 B = Non-inter-level travel time spent in this place.
 C = Inter-level travel time spent in this place.
 D = Time resting spent in this place.
 E = Time spent auto-exploring this place.
 F = Levels seen in this place.
 G = Mean time per level.
                   A        B        C        D        E       F      G
               +--------+--------+--------+--------+--------+-----+--------+
         Total |   7108 |   6848 |    260 |   3060 |   2627 |   5 | 1421.6 |
       Dungeon |   7108 |   6848 |    260 |   3060 |   2627 |   5 | 1421.6 |
               +--------+--------+--------+--------+--------+-----+--------+

Top non-repeatable levels by time:
     D:4: 2724 daAuts
     D:3: 1315 daAuts
     D:5: 1212 daAuts
     D:2: 953 daAuts
     D:1: 903 daAuts
